 Dungeon Crawl Stone Soup version 0.28.0-43-g3370ac3207 (webtiles) character file.

Game seed: 15696360975153627926

1763 Revguard the Covered (level 9, -4/63 HPs)
             Began as a Djinni Gladiator on Mar 11, 2022.
             Was an Initiate of Qazlal.
             Slain by a two-headed ogre
             ... wielding a +0 giant club
              (7 damage)
             ... on level 6 of the Dungeon.
             The game lasted 00:26:02 (7443 turns).

Revguard the Covered (Djinni Gladiator)             Turns: 7443, Time: 00:26:02

Health: -4/63      AC: 11    Str: 13    XL:     9   Next: 27%
Gold:   335        EV: 14    Int: 14    God:    Qazlal [......] SH:  0 Dex: 15

rFire   + + .      SeeInvis .   e - staff of cold
rCold   . . .      Faith    .   (no shield)
rNeg    . . .      Spirit   .   b - +0 leather armour
rPois   ∞          Reflect  .   c - +0 helmet
rElec   .          Harm     .   (no cloak)
rCorr   .          Rampage  .   (no gloves)
Will    +....      Clarity  +   (boots unavailable)
Stlth   +.........              (no amulet)
HPRegen 0.20/turn               h - +4 ring of protection
MPRegen 0.00/turn               (no ring)

@: flying
A: sickness immunity, fire resistance 2, cold vulnerability 1, float, innate
caster, HP casting, extra vitality 1, iridescent scales 1, clarity,
strong-willed 1
a: Renounce Religion


You were on level 6 of the Dungeon.
You worshipped Qazlal.
Qazlal was noncommittal.
You visited 2 branches of the dungeon, and saw 8 of its levels.

You collected 335 gold pieces.

Inventory:

Hand Weapons
 a - a +0 quarterstaff
Missiles
 d - 4 throwing nets
Armour
 b - a +0 leather armour (worn)
 c - a +0 helmet (worn)
Magical Staves
 e - a staff of cold (weapon)
Jewellery
 h - a +4 ring of protection (left hand)
 l - a ring of fire
Wands
 j - a wand of acid (3)
 k - a wand of polymorph (7)
Scrolls
 f - a scroll of enchant armour
 g - a scroll of enchant weapon
 i - a scroll of holy word {unknown}
 m - 2 scrolls of silence
 n - a scroll of teleportation
Potions
 o - a potion of might


   Skills:
 + Level 4.4 Fighting
 + Level 4.5 Staves
 - Level 1.5 Throwing
 * Level 5.6 Armour
 + Level 5.5 Dodging
 * Level 4.2 Spellcasting
 + Level 3.2 Evocations


You had 7 spell levels left.
You knew the following spells:

 Your Spells              Type           Power      Damage    Failure   Level
a - Freeze                Ice            88%        1d10      4%          1
b - Call Imp              Summ           14%        N/A       6%          2
c - Scorch                Fire           28%        2d6       6%          2
d - Petrify               Tmut/Erth      14%        N/A       38%         4
Your spell library was empty.

Dungeon Overview and Level Annotations

Branches:
Dungeon (7/15)             Temple (1/1) D:6

Altars:
Ashenzari
Cheibriados
Dithmenos
Elyvilon
Fedhas
Gozag
Hepliaklqana
Kikubaaqudgha
Okawaru
Qazlal
Sif Muna
Trog
Uskayaw
Vehumet
Wu Jian
Xom
Yredelemnul
Zin
The Shining One

Shops:
D:1 :


Innate Abilities, Weirdness & Mutations

You are immune to sickness and miasma.
You are immune to poison.
Your flesh is very heat resistant. (rF++)
You are vulnerable to cold. (rC-)
You float through the air rather than walking.
You learn spells naturally, not from books.
Your magical power is your life essence.
You have superior vitality. (+4 MHP)
You are partially covered in iridescent scales. (AC +2)
You possess an exceptional clarity of mind.
You are strong-willed. (Will+)


Message History

The two-headed ogre hits you with a +0 giant club.
Your crimson imp blinks!
The two-headed ogre hits you with a +0 giant club!
* * * LOW HITPOINT WARNING * * *
The two-headed ogre misses you.
The two-headed ogre stops moving altogether!
The helpless two-headed ogre fails to defend itself.
You hit the two-headed ogre but do no damage.
The two-headed ogre is moderately wounded.
The helpless two-headed ogre fails to defend itself.
You hit the two-headed ogre but do no damage.
The two-headed ogre is moderately wounded.
The helpless two-headed ogre fails to defend itself.
You hit the two-headed ogre.
The two-headed ogre is moderately wounded.
Your crimson imp hits the two-headed ogre.
The helpless two-headed ogre fails to defend itself.
You hit the two-headed ogre but do no damage.
The two-headed ogre is moderately wounded.
Your crimson imp hits the two-headed ogre.
The helpless two-headed ogre fails to defend itself.
You hit the two-headed ogre.
The two-headed ogre is moderately wounded.
Your crimson imp hits the two-headed ogre.
The helpless two-headed ogre fails to defend itself.
You hit the two-headed ogre.
The two-headed ogre is lightly wounded.
Your crimson imp completely misses the two-headed ogre.
Casting: Petrify (quite dangerous; 38% risk of failure)
Confirm with . or Enter, or press ? or * to list all spells.
Flames lash the two-headed ogre.
The two-headed ogre is moderately wounded.
The two-headed ogre's fire resistance burns away.
* * * LOW HITPOINT WARNING * * *
The two-headed ogre is no longer petrified.
Your crimson imp blinks!
The two-headed ogre hits you with a +0 giant club!
* * * LOW HITPOINT WARNING * * *
The two-headed ogre hits you with a +0 giant club!
You die...

... #...##<# #.# ...
#...##.####.# #.#
#...#....##.# #.#
###...#..#.##.# #.#
#.....#..#.##.####
#.#####.##..####.##.....
#.......§§...5.....#####
#######O########.#.#
#@########.#.#
#.#........#.#
#.#.########.# #.#.# #.#
#.#.# #.# #.#.# ..#
#...# #####


You could see a two-headed ogre (combustible).

Vanquished Creatures
  Grinder (D:4)
  Menkaure (D:7)
  3 ice beasts (D:7)
  A black bear (D:7)
  A necrophage (D:5)
  An ogre (D:5)
  2 kobold brigands
  A scorpion (D:5)
  A water moccasin zombie (D:7)
  3 hounds
  2 bullfrog skeletons
  3 jellies
  A centaur skeleton (D:7)
  3 iguanas
  2 orc wizards
  A bullfrog simulacrum (D:4)
  A scorpion simulacrum (D:4)
  4 adders
  2 hound simulacra (D:4)
  3 white imps
  A worm (D:1)
  An adder simulacrum (D:4)
  6 dart slugs
  14 orcs
  3 endoplasms
  3 giant cockroaches
  4 goblins
  5 hobgoblins
  13 kobolds
  5 quokkas
  8 ball pythons
  4 bats
  4 frilled lizards
  A quokka simulacrum (D:4)
  6 rats
115 creatures vanquished.

Vanquished Creatures (collateral kills)
  The ghost of P0WERM0DE the Skirmisher, a weakling VSAK of Lugonu (D:4)
  An orc wizard (D:4)
  An adder (D:4)
  2 orcs (D:4)
  A kobold (D:7)
6 creatures vanquished.

Grand Total: 121 creatures vanquished

Notes
Turn   | Place    | Note
-------+----------+-------------------------------------------
     0 | D:1      | Revguard the Djinni Gladiator began the quest for the Orb.
     0 | D:1      | Reached XP level 1. HP: 18/18 MP: 0/0
   181 | D:1      | Reached XP level 2. HP: 23/23 MP: 0/0
   257 | D:1      | Found a faded altar of an unknown god.
   472 | D:1      | Found Qiuma's Book Shop.
   806 | D:1      | Gained mutation: You possess an exceptional clarity of
                  | mind. [potion of mutation]
   806 | D:1      | Gained mutation: You are partially covered in iridescent
                  | scales. (AC +2) [potion of mutation]
   806 | D:1      | Gained mutation: You are strong-willed. (Will+) [potion of
                  | mutation]
   825 | D:1      | Reached skill level 1 in Armour
   839 | D:1      | Reached XP level 3. HP: 26/28 MP: 0/0
   839 | D:1      | Learned a level 1 spell: Freeze
   841 | D:1      | Reached skill level 1 in Spellcasting
   871 | D:2      | HP: 1/28 [hobgoblin (4)]
  1578 | D:2      | Reached XP level 4. HP: 33/33 MP: 0/0
  2070 | D:3      | Reached XP level 5. HP: 31/39 MP: 0/0
  2070 | D:3      | Learned a level 2 spell: Call Imp
  2202 | D:3      | Found an ornate altar of the Wu Jian Council.
  3167 | D:4      | Reached XP level 6. HP: 34/45 MP: 0/0
  3324 | D:4      | Noticed P0WERM0DE's ghost (weakling VSAK)
  3352 | D:4      | Found a runed translucent gate.
  3352 | D:4      | Found a runed translucent gate.
  3356 | D:4      | Found a runed translucent gate.
  3610 | D:4      | Noticed Grinder
  3625 | D:4      | Killed Grinder
  3626 | D:4      | Reached skill level 1 in Evocations
  3626 | D:4      | Reached XP level 7. HP: 31/50 MP: 0/0
  3626 | D:4      | Learned a level 2 spell: Scorch
  4286 | D:4      | Killed P0WERM0DE's ghost
  4617 | D:5      | Entered Level 5 of the Dungeon
  4617 | D:5      | Noticed a yak
  4617 | D:5      | Noticed a yak
  4617 | D:5      | Noticed a yak
  4617 | D:5      | Noticed a yak
  4617 | D:5      | Noticed a yak
  4996 | D:5      | Reached XP level 8. HP: 56/56 MP: 0/0
  5435 | D:5      | You are sucked into a shaft and drop 2 floors!
  5568 | D:7      | Reached skill level 5 in Dodging
  5788 | D:7      | Noticed Menkaure
  5795 | D:7      | Killed Menkaure
  5796 | D:7      | Reached skill level 5 in Armour
  6019 | D:7      | Found a shimmering altar of Xom.
  6019 | D:7      | Found a shimmering altar of Xom.
  6020 | D:7      | Found a shimmering altar of Xom.
  6028 | D:7      | Found a shimmering altar of Xom.
  6028 | D:7      | Found a shimmering altar of Xom.
  6029 | D:7      | Found a shimmering altar of Xom.
  6053 | D:7      | Identified the +5 dagger "Jaczio" {vorpal, Dex+4}
  6194 | D:7      | Reached XP level 9. HP: 18/62 MP: 0/0
  6194 | D:7      | Learned a level 4 spell: Petrify
  6769 | D:7      | Noticed a radroach
  6781 | D:7      | Found a broken altar of Ashenzari.
  6811 | D:7      | Found a basalt altar of Yredelemnul.
  6812 | D:7      | Found a hazy altar of Hepliaklqana.
  6836 | D:7      | Noticed a catoblepas
  6837 | D:7      | Noticed a raiju
  6844 | D:7      | a raiju changed into something unseen
  6941 | D:6      | Found a staircase to the Ecumenical Temple.
  6950 | Temple   | Entered the Ecumenical Temple
  7006 | Temple   | Became a worshipper of Qazlal Stormbringer
  7418 | D:6      | Noticed a two-headed ogre
  7443 | D:6      | HP: 3/63 [two-headed ogre/+0 giant club (15)]
  7443 | D:6      | Slain by a two-headed ogre

Illustrated notes

Levels and vault maps discovered:
D:1:      zaba_arrival_water, layout_loops_ring, serial_shops, shop_statue,
          hellmonk_ecumenical_altar_run_dry
D:2:      layout_rooms, basic_altar
D:3:      layout_loops_ring, nicolae_wu_jian_wuxing_cycle,
          minmay_fractal_squares_gapless_5
D:4:      layout_cave_pods, gammafunk_ghost_icy, serial_park_tiny_pond,
          uniq_grinder
D:5:      layout_loops_ring
D:6:      layout_basic, minmay_temple_entry_statues_pillars
D:7:      layout_cave_pools, xom_shifter_show, minitemple, grunt_ministairs_3,
          uniq_menkaure
Temple:   nicolae_temple_great_sept

Skill      XL: |  1  2  3  4  5  6  7  8  9 |
---------------+----------------------------+-----
Armour         | 1 2 3 4 5 |  5.6
Spellcasting   | 1 2 3 4 |  4.2
Staves         | 3 4 |  4.5
Fighting       | 3 4 |  4.4
Dodging        | 4 5 |  5.5
Evocations     | 1 2 3 |  3.2
Throwing       | |  1.5

Action                   |  1- 3 |  4- 6 |  7- 9 || total
-------------------------+-------+-------+-------++-------
Melee: Quarterstaff      |    98 |   144 |    55 ||   297
       Staff             |       |       |    41 ||    41
       Punch             |       |       |     1 ||     1
 Cast: Freeze            |       |    11 |    16 ||    27
       Call Imp          |       |     9 |    12 ||    21
       Scorch            |       |       |    73 ||    73
       Petrify           |       |       |     1 ||     1
Evoke: Wand              |       |     5 |     3 ||     8
  Use: Potion            |     3 |     5 |     1 ||     9
       Scroll            |     1 |     5 |     4 ||    10
 Stab: Sleeping          |     1 |       |       ||     1
       Petrified         |       |       |     6 ||     6
Armor: Leather armour    |    56 |    73 |    81 ||   210
       Skin              |       |    44 |       ||    44
Dodge: Dodged            |    93 |   126 |   137 ||   356
